 Dungeon Crawl Stone Soup version 0.23.0 (webtiles) character file.

Game seed: 17372008978828088237

197480 bmj180 the Impaler (level 18, -14/148 HPs)
             Began as a Minotaur Fighter on Feb 11, 2019.
             Was the Champion of Hepliaklqana.
             Killed from afar by a shock serpent (19 damage)
             ... with a bolt of electricity
             ... on level 2 of the Snake Pit.
             The game lasted 02:20:02 (33033 turns).

bmj180 the Impaler (Minotaur Fighter)              Turns: 33033, Time: 02:20:03

Health: -14/148    AC: 39    Str: 27    XL:     18   Next: 18%
Magic:  25/25      EV: 20    Int: 16    God:    Hepliaklqana [******]
Gold:   115        SH:  7    Dex: 15    Spells: 17/17 levels left

rFire    + + +     SeeInvis .   g - +8 lance "Wyrmbane" {slay drac, rPois rF+ rC+ AC+3}
rCold    + + .     Gourm    .   m - +0 buckler {rF+}
rNeg     . . .     Faith    .   s - +10 plate armour of the Queen of Cups {-Cast +Inv Int+4}
rPois    +         Spirit   .   d - +2 hat {MR+}
rElec    .         Reflect  .   T - scarf {rC+ rF+}
rCorr    .         Harm     .   G - +2 pair of gloves of Generosity {MR+ Int+7}
MR       +++..     NoCast   +   q - +2 pair of boots
Stlth    ..........             i - amulet of regeneration
HPRegen  0.74/turn              n - +4 ring of evasion
MPRegen  0.19/turn              p - +3 ring of strength

@: very slightly contaminated
A: retaliatory headbutt, reduced essence, horns 2
a: Recall Ancestor, Ancestor Identity, Transference, Idealise, Renounce
Religion, Evoke Invisibility


You were on level 2 of the Snake Pit.
You worshipped Hepliaklqana.
Hepliaklqana was exalted by your worship.
You were hungry.

You visited 6 branches of the dungeon, and saw 29 of its levels.
You visited 1 bazaar.
You also visited: Ice Cave.

You collected 3342 gold pieces.
You spent 3227 gold pieces at shops.

Inventory:

Hand Weapons
 g - the +8 lance "Wyrmbane" (weapon) {slay drac, rPois rF+ rC+ AC+3}
   (You bought it in a shop on level 2 of the Orcish Mines)

   It affects your AC (+3).
   It protects you from fire.
   It protects you from cold.
   It protects you from poison.
 U - a +3 glaive of flaming
Missiles
 b - 5 steel javelins
 z - 16 tomahawks (quivered)
 I - 22 javelins
Armour
 d - a +2 hat of magic resistance (worn)
 j - a +1 chain mail of cold resistance
 m - a +0 buckler of fire resistance (worn)
 q - a +2 pair of boots (worn)
 s - the +10 plate armour of the Queen of Cups (worn) {-Cast +Inv Int+4}
   (You found it on level 6 of the Lair of Beasts)

   It affects your intelligence (+4).
   It lets you turn invisible.
   It prevents spellcasting.
 G - the +2 pair of gloves of Generosity (worn) {MR+ Int+7}
   (You bought it in a shop on level 6 of the Dungeon)

   It affects your intelligence (+7).
   It affects your resistance to hostile enchantments.
 H - +0 acid dragon scales
 T - a scarf of resistance (worn)
Magical Staves
 a - an uncursed staff of conjuration {unknown}
Jewellery
 i - an amulet of regeneration (around neck)
 n - a +4 ring of evasion (left hand)
 o - an uncursed ring of resist corrosion
 p - a +3 ring of strength (right hand)
 N - an uncursed ring of flight
Wands
 w - a wand of iceblast (27)
 B - a wand of clouds (8)
 J - a wand of acid (5)
 L - a wand of scattershot (12)
 R - a wand of flame (29)
 S - a wand of disintegration (14)
 V - a wand of paralysis (26)
Scrolls
 c - 2 scrolls of magic mapping
 f - 4 scrolls of teleportation
 h - 8 scrolls of identify
 k - a scroll of holy word
 t - a scroll of fog
 y - a scroll of enchant armour
 F - 12 scrolls of remove curse
 K - 2 scrolls of blinking
 Q - a scroll of summoning
 Y - 2 scrolls of fear
Potions
 l - 3 potions of curing
 A - 2 potions of invisibility
 C - a potion of haste
 M - 2 potions of flight
 O - a potion of agility
 P - 4 potions of mutation
 W - 3 potions of berserk rage
Miscellaneous
 x - a sack of spiders
Comestibles
 e - 23 rations


   Skills:
 + Level 15.6 Fighting
 + Level 20.9 Polearms
 + Level 15.1 Armour
 * Level 14.8 Dodging
 + Level 12.9 Shields
 + Level 11.2 Invocations
 + Level 4.3 Evocations


You had 17 spell levels left.
You didn't know any spells.
Your spell library contained the following spells:

 Spells                   Type           Power        Failure   Level  Hunger
 Corona                   Hex            #......      85%         1    ##.....
 Magic Dart               Conj           #...         85%         1    ##.....
 Shock                    Conj/Air       #...         85%         1    ##.....
 Summon Small Mammal      Summ           #...         85%         1    ##.....
 Blink                    Tloc           N/A          94%         2    ###....
 Call Imp                 Summ           #.......     94%         2    ###....
 Corpse Rot               Necr           N/A          94%         2    ###....
 Ensorcelled Hibernation  Hex/Ice        #.....       94%         2    ###....
 Slow                     Hex            #.......     94%         2    ###....
 Sublimation of Blood     Necr           #.........   94%         2    ###....
 Throw Frost              Conj/Ice       #.....       94%         2    ###....
 Call Canine Familiar     Summ           #.......     99%         3    ####...
 Confuse                  Hex            #.......     99%         3    ####...
 Conjure Flame            Conj/Fire      #.......     99%         3    ####...
 Dazzling Spray           Conj/Hex       #.....       99%         3    ####...
 Ignite Poison            Fire/Tmut/Pois #.......     99%         3    ####...
 Inner Flame              Hex/Fire       #.......     99%         3    ####...
 Mephitic Cloud           Conj/Pois/Air  #.......     99%         3    ####...
 Portal Projectile        Hex/Tloc       #.....       99%         3    ####...
 Summon Guardian Golem    Hex/Summ       #.......     99%         3    ####...
 Tukima's Dance           Hex            #.......     99%         3    ####...
 Cause Fear               Hex            #.........   100%        4    #####..
 Leda's Liquefaction      Hex/Erth       #.........   100%        4    #####..
 Petrify                  Tmut/Erth      #.......     100%        4    #####..
 Summon Ice Beast         Ice/Summ       #.......     100%        4    #####..
 Summon Lightning Spire   Summ/Air       #.......     100%        4    #####..
 Throw Icicle             Conj/Ice       #.......     100%        4    #####..
 Agony                    Necr           #.......     100%        5    ######.
 Alistair's Intoxication  Tmut/Pois      #.......     100%        5    ######.
 Bolt of Draining         Conj/Necr      #.........   100%        5    ######.
 Dispel Undead            Necr           #.......     100%        5    ######.
 Excruciating Wounds      Chrm/Necr      #.........   100%        5    ######.
 Irradiate                Conj/Tmut      #.........   100%        5    ######.
 Conjure Ball Lightning   Conj/Air       #.........   100%        6    #######


Dungeon Overview and Level Annotations

Branches:
Dungeon (15/15)            Temple (1/1) D:4            Lair (6/6) D:9
 Shoals (0/4) Lair:2        Snake (3/4) Lair:2        Slime (0/5) Lair:5
    Orc (2/2) D:10            Elf (2/3) Orc:2        Vaults (0/5) D:14
 Depths (0/5) D:15

Altars:
Ashenzari
Cheibriados
Dithmenos
Elyvilon
Fedhas
Gozag
Hepliaklqana
Kikubaaqudgha
Makhleb
Nemelex Xobeh
Okawaru
Qazlal
Ru
Sif Muna
Trog
Uskayaw
Vehumet
Wu Jian
Xom
Yredelemnul
Zin
The Shining One

Shops:
D:6 :[[   D:14 *   Orc:2 (%*?

Portals:
Trove: D:11 (give 2 scrolls of acquirement)

Annotations:
D:9 1 runed translucent door
Snake:2 1 transporter, Amon001's ghost, journeyman GnSk


Innate Abilities, Weirdness & Mutations

You reflexively headbutt those who attack you in melee.
You have a pair of horns on your head.
Your life essence is reduced to manifest your ancestor. (-10% HP)


Message History

You block the black mamba's attack.
The nagaraja hits you but does no damage.
Unknown command.
Blink to where?
Press: ? - help, Dir - move target cursor You are very lightly contaminated with residual magic.
As you read the scroll of blinking, it crumbles to dust.
You feel sick.
Amon001's ghost casts a spell.
Space distorts along a thin shroud covering Amon001's ghost's form.
The naga sharpshooter casts a spell.
The naga sharpshooter magically shoots a bolt.
The bolt hits you but does no damage.
The naga sharpshooter shoots an arrow.
The arrow misses you.
You feel better.
The shock serpent shoots out a bolt of lightning at you!
The bolt of electricity hits you!!
* * * LOW HITPOINT WARNING * * *
The bolt of electricity hits you!!
You die...

....[#...##8|$[??8##..####.......
.....###.#©......W(#....<#.......
#^....#..#.........#.............
.........#......SN.#........##...
####.....#....©NSN.#........#####
####.....#...(N....#.....####
.........#.........#.....#
.....#...#.........#.....#
....###..##8....@8##.....# #####
#...#########......#
#.......©.........## #####
#########.........##..(.# #...#
................#.##....####...#
#####.#........................#
###......##....................#
).......).....#.###..##........#
...###...######...#...##.......#


You could see a nagaraja, 2 naga sharpshooters, a shock serpent, a black mamba,
a naga mage and Amon001's ghost.

Vanquished Creatures
  Kirke (D:12)
  Agnes (Elf:2)
  Gastronok (Orc:1)
  A deep elf sorcerer (Elf:1)
  The ghost of Jeffwins the Severer, a journeyman OgMo of Okawaru (Orc:1)
  A deep elf elementalist (Elf:1)
  The ghost of Tommers the Earth Mage, a journeyman GrEE of Dithmenos (Orc:2)
  A stone giant (Orc:2)
  A deep elf demonologist (Elf:1)
  Nessos (D:15)
  A minotaur (shapeshifter) (D:12)
  A dire elephant (Lair:6)
  A merfolk javelineer (Orc:2)
  An ettin (Orc:1)
  A yaktaur captain (D:12)
  The ghost of GORGAWROTH the Fighter, a journeyman FoFi of the Shining One (D:12)
  A vault guard (D:14)
  4 naga warriors
  5 centaur warriors
  6 hydras
  2 ice dragons (IceCv)
  A catoblepas (Lair:6)
  15 dancing weapons
  3 anacondas
  11 death yaks
  7 two-headed ogres
  2 tengu warriors
  3 naga sharpshooters (Snake:1)
  2 shock serpents (Snake:1)
  10 deep elf knights
  4 orc high priests (Orc:2)
  2 salamander mystics
  A sea snake (shapeshifter) (D:15)
  3 naga ritualists
  A swamp dragon (Lair:6)
  A wizard (D:14)
  The ghost of dvd the Sneak, a novice OpCj of Makhleb (D:7)
  2 orc knights (Orc:2)
  9 deep elf archers
  14 ugly things
  A wolf spider zombie (D:14)
  A necromancer (D:14)
  2 orc sorcerers
  A wolf spider (D:15)
  26 deep elf magi
  6 mana vipers
  4 cyclopes
  5 manticores
  An elephant (Lair:6)
  2 salamanders
  A merfolk siren (Lair:2)
  A guardian serpent (shapeshifter) (Elf:2)
  A guardian serpent (Snake:3)
  A molten gargoyle (Lair:3)
  2 ice statues (IceCv)
  9 naga magi
  39 black mambas
  13 spiny frogs
  7 rime drakes
  8 komodo dragons
  A yaktaur (D:12)
  A tengu conjurer (D:11)
  A polar bear (Lair:5)
  5 trolls
  Prince Ribbit (D:7)
  3 hornets
  15 blink frogs
  Grinder (D:6)
  7 slime creatures
  5 dream sheep
  9 hippogriffs
  2 air elementals
  A wraith (D:13)
  3 shadows
  27 yaks
  A vampire (D:15)
  3 water elementals
  2 wyverns
  A fire bat (Lair:3)
  5 fire elementals (Elf:2)
  6 humans (D:14)
  5 basilisks
  A human (shapeshifter) (D:14)
  A hungry ghost (D:11)
  Menkaure (D:4)
  A steam dragon (Lair:6)
  A soldier ant (D:13)
  22 nagas
  5 vampire mosquitoes
  4 wargs
  9 water moccasins
  6 porcupines
  24 orc warriors
  A swamp drake (Lair:6)
  Purgy (D:4)
  3 sky beasts
  A black bear (D:10)
  A phantom (D:12)
  14 ice beasts
  9 ogres
  9 wolves
  11 centaurs
  10 crocodiles
  12 bullfrogs
  An earth elemental (Elf:2)
  3 scorpions
  24 killer bees
  9 wights
  A howler monkey (D:9)
  7 crimson imps
  2 electric eels (D:15)
  A spectral bullfrog (D:6)
  3 centaur zombies
  A lava snake (Lair:3)
  3 jellies
  6 centaur skeletons
  5 hounds
  14 orc priests
  10 orc wizards
  3 bullfrog skeletons
  An iron imp (D:9)
  4 iguanas
  10 worker ants
  Robin (D:4)
  12 adders
  2 shadow imps
  A white imp (D:9)
  2 oozes
  An adder zombie (D:8)
  2 adder skeletons
  3 worms
  3 dart slugs
  10 leopard geckos
  56 orcs
  3 bats
  4 giant cockroaches
  7 hobgoblins
  15 jackals
  A quokka (D:2)
  A ball python (D:2)
  2 frilled lizards
  8 goblins
  11 kobolds
  A quokka skeleton (D:7)
  5 rats
  A spectral quokka (D:6)
  A fungus (Lair:6)
770 creatures vanquished.

Vanquished Creatures (collateral kills)
  A fire dragon (Lair:6)
  3 naga warriors
  An ice dragon (shapeshifter) (Elf:1)
  2 catoblepae (Lair:6)
  3 anacondas
  An ogre mage (D:15)
  A two-headed ogre (D:15)
  13 dancing weapons
  A tengu warrior (D:14)
  A death yak (Lair:5)
  An orc high priest (Orc:2)
  A shock serpent (Snake:1)
  3 deep elf knights
  A salamander mystic (Snake:2)
  3 wizards (D:14)
  A naga ritualist (Snake:1)
  7 orc knights
  The ghost of emiel the Spear-Bearer, a novice NaGl (D:6)
  A necromancer (D:14)
  An ugly thing (D:14)
  2 manticores (D:12)
  14 deep elf magi
  3 salamanders (Snake:3)
  2 cyclopes
  5 black mambas
  An elephant (Lair:6)
  4 naga magi
  A centaur zombie (D:14)
  5 spiny frogs
  A gargoyle (D:14)
  A rime drake (Lair:6)
  2 centaur skeletons
  A torpor snail (Lair:6)
  3 komodo dragons
  A tengu conjurer (D:11)
  A queen bee (D:9)
  A troll (D:14)
  2 hornets
  A blink frog (Lair:4)
  3 dream sheep
  A raiju (shapeshifter) (Elf:2)
  3 hippogriffs
  A vampire (D:11)
  A wraith (D:12)
  A fire bat (Lair:3)
  A wyvern (Lair:4)
  6 yaks
  2 basilisks
  8 humans (D:14)
  A steam dragon (Lair:3)
  Grum (D:8)
  10 nagas
  3 acid dragons
  A soldier ant (D:15)
  7 water moccasins
  5 porcupines
  2 swamp drakes
  An ice beast (IceCv)
  6 orc warriors
  A phantom (D:4)
  A black bear (Lair:3)
  An ogre (D:15)
  4 wolves
  2 centaurs
  A big kobold (D:9)
  3 crocodiles (Lair:6)
  Blork the orc (D:6)
  7 bullfrogs
  A water moccasin skeleton (D:8)
  8 killer bees
  2 howler monkeys (D:9)
  A lava snake (Lair:3)
  3 crimson imps
  A quasit (D:8)
  A jelly (D:11)
  7 orc wizards
  13 orc priests
  An iguana (Lair:6)
  A worker ant (D:5)
  A hound zombie (D:11)
  A spectral howler monkey (D:6)
  A howler monkey zombie (D:10)
  A worker ant zombie (D:6)
  A shadow imp (D:9)
  A worker ant simulacrum (D:6)
  24 orcs
  3 kobolds (D:9)
  A bush (Bazaar)
  A plant (Lair:6)
257 creatures vanquished.

Vanquished Creatures (others)
  A torpor snail (Lair:6)
  A human (D:12)
  A naga (Snake:2)
  An ancestor (D:5)
  45 battlemagi
  15 fungi
  19 plants
  4 toadstools (D:1)
87 creatures vanquished.

Grand Total: 1114 creatures vanquished

Notes
Turn   | Place    | Note
-------+----------+-------------------------------------------
     0 | D:1      | bmj180 the Minotaur Fighter began the quest for the Orb.
     0 | D:1      | Reached XP level 1. HP: 19/19 MP: 0/0
    24 | D:1      | Found a sparkling altar of Nemelex Xobeh.
    66 | D:1      | Reached XP level 2. HP: 24/27 MP: 1/1
   753 | D:2      | Reached skill level 3 in Polearms
   818 | D:2      | Reached skill level 1 in Dodging
   818 | D:2      | Reached XP level 3. HP: 33/33 MP: 2/2
  1247 | D:2      | Reached XP level 4. HP: 40/40 MP: 3/3
  1544 | D:3      | Found a shadowy altar of Dithmenos.
  1797 | D:3      | Reached skill level 4 in Polearms
  2137 | D:4      | Found an opulent altar of Gozag.
  2143 | D:4      | Reached XP level 5. HP: 22/46 MP: 4/4
  2193 | D:4      | Found a sparkling altar of Nemelex Xobeh.
  2195 | D:4      | Found a shimmering altar of Xom.
  2323 | D:4      | Found a burning altar of Makhleb.
  2454 | D:4      | Reached skill level 5 in Polearms
  2476 | D:4      | Reached XP level 6. HP: 23/52 MP: 5/5
  2555 | D:4      | Found an ancient bone altar of Kikubaaqudgha.
  2591 | D:4      | Noticed Purgy
  2598 | D:4      | Killed Purgy
  2598 | D:4      | Reached skill level 6 in Polearms
  2757 | D:4      | Found a staircase to the Ecumenical Temple.
  2759 | D:4      | Noticed Menkaure
  2765 | Temple   | Entered the Ecumenical Temple
  2974 | Temple   | Became a worshipper of Hepliaklqana the Forgotten
  3019 | D:4      | Killed Menkaure
  3019 | D:4      | Reached XP level 7. HP: 42/54 MP: 6/6
  3348 | D:4      | Noticed Robin
  3360 | D:4      | Killed Robin
  3514 | D:4      | Reached skill level 7 in Polearms
  3514 | D:4      | Reached skill level 5 in Armour
  3514 | D:4      | Reached skill level 1 in Invocations
  3639 | D:5      | Entered Level 5 of the Dungeon
  3964 | D:5      | Reached skill level 8 in Polearms
  3964 | D:5      | Reached skill level 5 in Shields
  4078 | D:5      | Reached XP level 8. HP: 31/60 MP: 8/8
  4304 | D:5      | Reached * piety under Hepliaklqana
  4571 | D:6      | Found Yrasad's Antique Armour Boutique.
  4574 | D:6      | Bought a runed scale mail for 224 gold pieces
  4655 | D:6      | Found Yzxetuah's Armour Shoppe.
  4716 | D:6      | Noticed Blork the orc
  4756 | D:6      | Found a runed translucent gate.
  4757 | D:6      | Found a runed translucent gate.
  4758 | D:6      | Found a runed translucent gate.
  4760 | D:6      | Noticed emiel's ghost (novice NaGl)
  4786 | D:6      | Noticed Grinder
  4796 | D:6      | Killed Grinder
  4796 | D:6      | Reached skill level 9 in Polearms
  4825 | D:6      | Found Nimareg's Book Shop.
  4969 | D:6      | Reached ** piety under Hepliaklqana
  4970 | D:6      | Remembered your ancestor Ara as a battlemage
  5123 | D:6      | Killed Blork the orc
  5123 | D:6      | Reached skill level 5 in Fighting
  5135 | D:6      | Found a stormy altar of Qazlal.
  5368 | D:7      | Found a glowing silver altar of Zin.
  5425 | D:7      | Noticed a hippogriff
  5433 | D:7      | Killed a hippogriff
  5433 | D:7      | Reached skill level 1 in Evocations
  5434 | D:7      | Found an ornate altar of the Wu Jian Council.
  5508 | D:7      | Reached XP level 9. HP: 57/66 MP: 10/10
  5671 | D:7      | Noticed Prince Ribbit
  5690 | D:7      | Killed Prince Ribbit
  5690 | D:7      | Reached skill level 10 in Polearms
  5854 | D:7      | Found a runed translucent door.
  5855 | D:7      | Noticed dvd's ghost (novice OpCj)
  5955 | D:6      | Bought a +0 pair of boots for 54 gold pieces
  6015 | D:8      | Noticed Grum
  6136 | D:8      | Killed Grum
  6564 | D:8      | Reached skill level 5 in Dodging
  7007 | D:9      | Reached skill level 11 in Polearms
  7054 | D:9      | Found a staircase to the Lair.
  7185 | D:9      | Reached XP level 10. HP: 68/73 MP: 12/12
  7196 | D:9      | Noticed a manticore
  7207 | D:9      | Killed a manticore
  7245 | D:9      | Found a runed translucent door.
  7245 | D:9      | Noticed a sixfirhy
  7346 | D:9      | Noticed a two-headed ogre
  7359 | D:9      | Killed a two-headed ogre
  7422 | D:9      | Reached skill level 12 in Polearms
  7575 | D:9      | Noticed a cyclops
  7593 | D:9      | Killed a cyclops
  7593 | D:9      | Reached skill level 5 in Invocations
  7969 | D:9      | Noticed a deep elf mage
  7974 | D:9      | Killed a deep elf mage
  7993 | D:9      | Noticed a deep elf mage
  8005 | D:9      | Killed a deep elf mage
  8005 | D:9      | Reached XP level 11. HP: 63/80 MP: 14/14
  8208 | D:10     | Entered Level 10 of the Dungeon
  8373 | D:10     | Reached *** piety under Hepliaklqana
  8787 | D:10     | Found a staircase to the Orcish Mines.
  8942 | D:10     | Identified the Disquisition on Harmful Calling
  9153 | D:11     | Found a portal to a secret trove of treasure.
  9275 | D:11     | Noticed a brown ugly thing
  9299 | D:11     | Killed a brown ugly thing
  9473 | D:11     | Reached skill level 13 in Polearms
 10141 | Lair:1   | Entered Level 1 of the Lair of Beasts
 10554 | Lair:1   | Reached **** piety under Hepliaklqana
 10594 | Lair:1   | Reached XP level 12. HP: 71/90 MP: 16/16
 11085 | Lair:1   | Reached skill level 14 in Polearms
 11252 | Lair:2   | Found a staircase to the Shoals.
 11698 | Lair:2   | Found a staircase to the Snake Pit.
 12294 | Lair:3   | Reached ***** piety under Hepliaklqana
 12379 | Lair:3   | Reached skill level 10 in Shields
 12430 | Lair:3   | Noticed a seven-headed hydra
 12430 | Lair:3   | Noticed a death yak
 12599 | Lair:3   | You fall through a shaft for 2 floors!
 12602 | Lair:5   | Found a staircase to the Slime Pits.
 12642 | Lair:5   | Noticed a seven-headed hydra
 12662 | Lair:5   | Killed a seven-headed hydra
 12790 | Lair:4   | Reached skill level 10 in Armour
 13055 | Lair:4   | Reached XP level 13. HP: 90/99 MP: 18/18
 15246 | Lair:6   | Entered Level 6 of the Lair of Beasts
 15258 | Lair:5   | Reached skill level 10 in Dodging
 15409 | Lair:6   | Reached skill level 10 in Fighting
 15491 | Lair:6   | Reached skill level 15 in Polearms
 15831 | Lair:6   | Reached ****** piety under Hepliaklqana
 15897 | Lair:6   | Reached XP level 14. HP: 69/109 MP: 20/20
 16310 | Lair:6   | Got a translucent hand axe
 16938 | Lair:6   | Got an encrusted plate armour
 17220 | Lair:6   | Reached skill level 10 in Invocations
 17490 | D:11     | Identified the +2 hand axe "Sarcophage" {flame, rN+ Dex+3}
                  | (You found it on level 6 of the Lair of Beasts)
 17503 | D:11     | Identified the +10 plate armour of the Queen of Cups {-Cast
                  | +Inv Int+4} (You found it on level 6 of the Lair of Beasts)
 17686 | D:6      | Killed emiel's ghost
 17776 | D:7      | Killed dvd's ghost
 17908 | D:12     | Got a translucent hunting sling
 17925 | D:12     | Noticed GORGAWROTH's ghost (journeyman FoFi)
 17929 | D:12     | Found a transporter.
 18017 | D:12     | Found a sacrificial altar of Ru.
 18107 | D:12     | Noticed Kirke
 18115 | D:12     | Killed Kirke
 18522 | D:12     | Found a transporter.
 19251 | D:13     | Found a gateway to a bazaar.
 19263 | Bazaar   | Entered a bazaar
 19263 | Bazaar   | Found Muilila's Antique Weapon Boutique.
 19263 | Bazaar   | Found Qeusm's Distillery.
 19263 | Bazaar   | Found Roleog's Magic Scroll Boutique.
 19263 | Bazaar   | Found Gedah's Assorted Antiques.
 19263 | Bazaar   | Found Loabafom's Antique Weapon Boutique.
 19293 | Bazaar   | Bought a glowing bardiche for 300 gold pieces
 19308 | Bazaar   | Bought a potion of mutation for 96 gold pieces
 19308 | Bazaar   | Bought a potion of berserk rage for 60 gold pieces
 19312 | Bazaar   | Bought a scroll of blinking for 67 gold pieces
 19312 | Bazaar   | Bought a scroll of blinking for 67 gold pieces
 19707 | D:14     | Reached XP level 15. HP: 118/118 MP: 21/21
 19968 | D:14     | Found Ryedwat's General Store.
 20085 | D:14     | Reached skill level 16 in Polearms
 20462 | D:11     | Identified the cursed +1 hunting sling "Trog's Scorn"
                  | {freeze, +Fly Dex+6} (You found it on level 12 of the
                  | Dungeon)
 20705 | D:14     | Found a gate to the Vaults.
 20710 | D:14     | Paralysed by a wizard for 2 turns
 20922 | D:15     | Entered Level 15 of the Dungeon
 21303 | D:15     | Noticed Nessos
 21314 | D:15     | Killed Nessos
 21480 | D:15     | Reached skill level 17 in Polearms
 21625 | D:15     | Found a staircase to the Depths.
 22036 | Orc:1    | Entered Level 1 of the Orcish Mines
 22044 | Orc:1    | Found a runed translucent gate.
 22044 | Orc:1    | Found a runed translucent gate.
 22045 | Orc:1    | Found a runed translucent gate.
 22045 | Orc:1    | Found a frozen archway.
 22122 | IceCv    | Entered an ice cave
 22775 | Orc:2    | Entered Level 2 of the Orcish Mines
 23032 | Orc:1    | Noticed Gastronok
 23041 | Orc:1    | Killed Gastronok
 23314 | Orc:1    | Noticed Jeffwins's ghost (journeyman OgMo)
 23544 | D:6      | Bought the +2 pair of gloves of Generosity {MR+ Int+7} for
                  | 501 gold pieces
 23998 | Orc:2    | Reached XP level 16. HP: 107/126 MP: 23/23
 24317 | Orc:2    | Reached skill level 18 in Polearms
 24512 | Orc:2    | Found a deep blue altar of Sif Muna.
 24555 | Orc:2    | Found a runed translucent gate.
 24555 | Orc:2    | Found a runed translucent gate.
 24555 | Orc:2    | Found an iron altar of Okawaru.
 24555 | Orc:2    | Found a runed translucent gate.
 24555 | Orc:2    | Noticed Tommers's ghost (journeyman GrEE)
 24572 | Orc:2    | Found a staircase to the Elven Halls.
 24708 | Orc:2    | Found Jolaf's Magic Scroll Boutique.
 24708 | Orc:2    | Found Bash's General Store.
 24709 | Orc:2    | Found Muluf's Food Shop.
 24709 | Orc:2    | Found Jurch's Antique Weapon Boutique.
 24999 | Orc:1    | Killed Jeffwins's ghost
 25207 | Orc:2    | Killed Tommers's ghost
 25240 | Orc:2    | Got a faintly glowing ring mail
 25426 | D:11     | Identified the +0 ring mail "Zawit" {Str+3 Dex-5 SInv} (You
                  | found it on level 2 of the Orcish Mines)
 25480 | D:12     | Killed GORGAWROTH's ghost
 25487 | D:12     | Noticed a sphinx
 25487 | D:12     | an entropy weaver changed into a sphinx
 25490 | D:12     | a sphinx changed into an azure jelly
 25528 | D:12     | Got a blackened war axe
 25596 | D:11     | Identified the +5 war axe of Ugre Huo {antimagic, rC+} (You
                  | found it on level 12 of the Dungeon)
 25716 | Elf:1    | Entered Level 1 of the Elven Halls
 26093 | Elf:1    | Reached skill level 19 in Polearms
 27598 | Elf:2    | Reached XP level 17. HP: 134/136 MP: 24/24
 27775 | Elf:2    | Noticed Agnes
 27780 | Elf:2    | Killed Agnes
 27897 | Elf:2    | Found a runed translucent gate.
 27897 | Elf:2    | Found a runed translucent gate.
 27898 | Elf:2    | Found a runed translucent gate.
 28348 | Elf:2    | Reached skill level 20 in Polearms
 29722 | Snake:1  | Entered Level 1 of the Snake Pit
 29765 | Snake:1  | HP: 2/138 [shock serpent (12)]
 30575 | Snake:1  | Reached skill level 15 in Fighting
 31062 | Orc:2    | Bought the +8 lance "Wyrmbane" {slay drac, rPois rF+ rC+
                  | AC+3} for 1858 gold pieces
 31062 | Orc:2    | Found the +8 lance "Wyrmbane" {slay drac, rPois rF+ rC+
                  | AC+3}
 31447 | Snake:2  | Found a transporter.
 31447 | Snake:2  | Noticed Amon001's ghost (journeyman GnSk)
 31715 | Snake:2  | Found a transporter.
 32026 | Snake:3  | Reached skill level 15 in Armour
 32113 | Snake:3  | Reached XP level 18. HP: 143/146 MP: 25/25
 33033 | Snake:2  | HP: 5/148 [shock serpent/bolt of electricity (21)]
 33033 | Snake:2  | Killed from afar by a shock serpent

Skill      XL: |  1  2  3  4  5  6  7  8  9 10 11 12 13 14 15 16 17 |
---------------+----------------------------------------------------+-----
Polearms       | 3 4 5 6 8 9 11 12 13 14 15 17 19 20 | 20.9
Armour         | 4 5 6 7 8 10 11 12 13 15 | 15.1
Dodging        | 1 2 3 4 5 6 8 9 10 11 12 13 14 | 14.8
Shields        | 4 5 6 7 9 10 11 12 | 12.9
Fighting       | 4 5 6 7 9 10 12 14 15 | 15.6
Invocations    | 1 3 4 5 6 8 9 10 11 | 11.2
Evocations     | 1 3 4 |  4.3

Action                   |  1- 3 |  4- 6 |  7- 9 | 10-12 | 13-15 | 16-18 || total
-------------------------+-------+-------+-------+-------+-------+-------++-------
Melee: Trident           |   108 |   117 |   290 |   726 |   840 |       ||  2081
       Headbutt          |    11 |    13 |    52 |   165 |   285 |   171 ||   697
       Bardiche          |       |       |       |       |   372 |   518 ||   890
       Glaive            |       |       |       |       |       |   187 ||   187
       Lance             |       |       |       |       |       |   303 ||   303
Invok: Ancestor Life: Ba |       |       |     1 |       |       |       ||     1
       Recall Ancestor   |       |       |       |     1 |     1 |     2 ||     4
 Abil: Evoke Flight      |       |       |       |       |     1 |       ||     1
Evoke: Wand              |       |       |     1 |     5 |     5 |       ||    11
  Use: Potion            |       |     1 |     1 |     1 |     3 |    13 ||    19
       Scroll            |       |       |    10 |    17 |    15 |    19 ||    61
 Stab: Distracted        |       |       |       |     6 |     9 |    14 ||    29
       Petrified         |       |       |       |       |     2 |       ||     2
  Eat: Chunk             |     1 |     5 |     7 |     9 |    16 |     7 ||    45
       Ration            |       |       |     2 |     4 |     6 |     6 ||    18
Armor: Scale mail        |    32 |    18 |    79 |    59 |       |       ||   188
       Chain mail        |       |       |       |   118 |   135 |       ||   253
       Plate armour      |       |       |       |       |   224 |   415 ||   639
Dodge: Dodged            |    20 |    36 |    85 |   186 |   590 |   664 ||  1581
Block: Shield            |    43 |    40 |   115 |   266 |   195 |       ||   659
       Buckler           |       |       |       |       |    25 |    77 ||   102
